 Dungeon Crawl Stone Soup version 0.29.1-15-g9cfb28693d (webtiles) character file.

Game seed: 16516221025304960453

2489 boopmooplesden the Carver (level 9, -1/117 HPs)
             Began as a Minotaur Fighter on Mar 6, 2023.
             Was a Follower of Trog.
             Slain by an ice beast (10 damage)
             ... on level 7 of the Dungeon.
             The game lasted 00:11:01 (7458 turns).

boopmooplesden the Carver (Minotaur Fighter)        Turns: 7458, Time: 00:11:02

Health: -1/117     AC: 24    Str: 24    XL:     9   Next: 27%
Magic:  8/8        EV:  2    Int:  5    God:    Trog [*.....]
Gold:   444        SH:  8    Dex: 11    Spells: 8/8 levels left

rFire   . . .      SeeInvis .   a - +1 long sword
rCold   . . .      Faith    .   m - +3 buckler
rNeg    . . .      Spirit   .   (body armour currently unavailable)
rPois   +          Reflect  .   (helmet currently unavailable)
rElec   .          Harm     .   (cloak currently unavailable)
rCorr   .          Rampage  .   (gloves currently unavailable)
Will    .....      NoTele   +   (boots currently unavailable)
Stlth   +.........              (no amulet)
HPRegen 0.29/turn               (no ring)
MPRegen 0.11/turn               (no ring)

@: tree-form, weakened, on berserk cooldown, slowed, invisible, very slow
A: stationary, stasis, torment immunity, boosted hp, (horns 2), (retaliatory
headbutt)
a: Renounce Religion, Berserk


You were on level 7 of the Dungeon.
You worshipped Trog.
Trog was aware of your devotion.
You were a tree.
You visited 1 branch of the dungeon, and saw 7 of its levels.
You also visited: Sewer.

You collected 444 gold pieces.

Inventory:

Hand Weapons
 a - a +1 long sword (weapon)
 b - the +7 sling of Disaster {freeze, rPois Str+2 Dex+3 Stlth+}
   (You found it on level 4 of the Dungeon)

   Any ammunition fired from it freezes those it strikes, dealing additional
   cold damage.
   It can also slow down cold-blooded creatures.
   Str:       It affects your strength (+2).
   Dex:       It affects your dexterity (+3).
   rPois:     It protects you from poison.
   Stlth:     It makes you more stealthy.
Missiles
 F - 2 throwing nets
Armour
 m - a +3 buckler (worn)
 r - a +0 pair of boots (melded)
 w - a +0 scale mail (melded)
Jewellery
 l - an amulet of reflection
 o - an amulet of faith
 D - an amulet of regeneration
Wands
 f - a wand of iceblast (7)
 y - a wand of mindburst (14)
 z - a wand of paralysis (7)
Scrolls
 n - a scroll of teleportation
 p - a scroll of noise
 t - 2 scrolls of enchant weapon
 u - a scroll of summoning
 v - 4 scrolls of identify
 x - a scroll of blinking
 C - 4 scrolls of immolation
 G - a scroll of fog
Potions
 c - a potion of degeneration {unknown}
 d - 2 potions of might
 e - 2 potions of magic
 h - 5 potions of mutation
 i - a potion of invisibility
 j - a potion of heal wounds {unknown}
 q - 2 potions of lignification
 s - a potion of ambrosia {unknown}
 A - a potion of brilliance {unknown}
 B - 2 potions of resistance {unknown}
 E - a potion of flight {unknown}


   Skills:
 + Level 6.6 Fighting
 + Level 9.2 Long Blades
 + Level 3.3 Ranged Weapons
 + Level 7.6 Armour
 + Level 3.9 Dodging
 + Level 1.0 Stealth
 + Level 6.4 Shields
 + Level 0.8 Evocations


You had 8 spell levels left.
You didn't know any spells.
Your spell library contained the following spells:

 Spells                   Type           Power      Damage    Failure   Level
 Freeze                   Ice            0%         1d3       56%         1
 Frozen Ramparts          Ice            0%         1d1       90%         3
 Hailstorm                Conj/Ice       0%         3d3       100%        4


Dungeon Overview and Level Annotations

Branches:
Dungeon (7/15)              Sewer (visited)
 Temple: D:4-7

Altars:
Trog
Wu Jian


Innate Abilities, Weirdness & Mutations

You are a tree.
Your roots penetrate the ground, keeping you stationary.
You cannot be teleported.
You are immune to unholy pain and torment.
Your maximum health is greatly increased.
Your equipment is partially melded.
((You have a pair of horns on your head.))
((You reflexively headbutt those who attack you in melee.))


Message History

You block the gnoll's attack.
The ice beast hits you but does no damage.
It was a potion of invisibility.
You fade into invisibility!
The gnoll closely misses you. The ice beast closely misses you.
You block the gnoll's attack.
It was a potion of lignification.
You turn into a tree.
Your +0 pair of boots melds into your body.
Your +0 scale mail melds into your body.
Your roots penetrate the ground.
The ice beast hits you but does no damage.
You block the gnoll's attack.
The ice beast hits you but does no damage.
You hit the ice beast but do no damage.
The ice beast is moderately wounded.
The gnoll is no longer moving quickly.
The gnoll hits you but does no damage.
The ice beast hits you but does no damage.
You block the gnoll's attack.
You barely miss the ice beast.
The ice beast is moderately wounded.
You block the ice beast's attack. The ice beast hits you.
* * * LOW HITPOINT WARNING * * *
The ice beast freezes you!
* * * LOW HITPOINT WARNING * * *
You hit the ice beast.
The ice beast is heavily wounded.
The ice beast hits you but does no damage.
The gnoll throws a stone.
The stone closely misses the ice beast.
You block the stone.
You barely miss the ice beast.
The ice beast is heavily wounded.
The gnoll is no longer moving quickly.
You block the ice beast's attack. You block the gnoll's attack.
You strike the helpless ice beast from behind!
You hit the ice beast but do no damage.
The ice beast is heavily wounded.
The ice beast hits you.
* * * LOW HITPOINT WARNING * * *
The ice beast freezes you!
You die...

## .. ######## #.
#....... #. ##...g.g.
#. ##### ##.y..#...
##☼###g°°###.g.Y###..
#.☼.♣Yg..'☼.§y.## ##.
######g○☼.☼.#.## ##
#......☼..○#### #
##......#○##
#...#.#### #..####
##..#.####
##.....#.##
#.........####


You could see an ice beast (unable to see you), a gnoll bouda (unable to see
you) and 2 gnolls.

Vanquished Creatures
  Sigmund (D:6)
  Eustachio (D:6)
  A yak (D:5)
  An ice beast (D:5)
  A black bear (D:5)
  An ogre (D:3)
  A phantom (D:5)
  2 bullfrogs
  2 kobold brigands (Sewer)
  A gnoll sergeant (D:5)
  3 scorpions
  A necrophage (D:5)
  5 killer bees (D:7)
  A howler monkey (D:5)
  5 hounds
  3 gnoll boudas (D:5)
  2 orc priests (D:3)
  Ijyb (D:3)
  Terence (D:3)
  3 iguanas
  An orc wizard (D:3)
  22 gnolls
  4 adders
  6 river rats (Sewer)
  An ufetubus (D:6)
  A worm (D:4)
  2 dart slugs
  13 orcs
  4 endoplasms
  7 giant cockroaches
  5 goblins
  2 hobgoblins
  5 jackals (Sewer)
  8 quokkas
  14 ball pythons
  3 bats
  10 frilled lizards
  9 kobolds
  12 rats
166 creatures vanquished.

Vanquished Creatures (others)
  6 plants (Sewer)
6 creatures vanquished.

Grand Total: 172 creatures vanquished

Notes
Turn   | Place    | Note
-------+----------+-------------------------------------------
     0 | D:1      | boopmooplesden the Minotaur Fighter began the quest for the
                  | Orb.
     0 | D:1      | Reached XP level 1. HP: 19/19 MP: 0/0
   185 | D:1      | Found a faded altar of an unknown god.
   407 | D:1      | Reached XP level 2. HP: 27/27 MP: 1/1
   984 | D:2      | Reached skill level 3 in Long Blades
  1279 | D:2      | Reached XP level 3. HP: 32/33 MP: 2/2
  1532 | D:3      | Reached skill level 1 in Dodging
  1639 | D:3      | Noticed an ogre
  1641 | D:3      | Noticed Terence
  1644 | D:3      | Killed an ogre
  1645 | D:3      | Reached skill level 4 in Long Blades
  1645 | D:3      | Reached XP level 4. HP: 40/40 MP: 3/3
  1652 | D:3      | Killed Terence
  1653 | D:3      | Reached XP level 5. HP: 46/46 MP: 4/4
  1827 | D:3      | Reached skill level 5 in Armour
  2094 | D:3      | Noticed Ijyb
  2102 | D:3      | Killed Ijyb
  2103 | D:3      | Reached XP level 6. HP: 49/53 MP: 5/5
  3010 | D:4      | Found a glowing drain.
  3027 | Sewer    | Entered a sewer
  3056 | Sewer    | Reached skill level 5 in Long Blades
  3644 | Sewer    | Reached XP level 7. HP: 60/60 MP: 6/6
  3976 | D:4      | Identified the +7 sling of Disaster {freeze, rPois Str+2
                  | Dex+3 Stlth+}
  4015 | D:4      | Found a bloodstained altar of Trog.
  4018 | D:4      | Became a worshipper of Trog the Wrathful
  4143 | D:4      | Found an ornate altar of the Wu Jian Council.
  4242 | D:4      | Reached skill level 6 in Long Blades
  4296 | D:4      | Reached skill level 1 in Ranged Weapons
  4790 | D:5      | Entered Level 5 of the Dungeon
  4817 | D:5      | Reached skill level 5 in Fighting
  5051 | D:5      | Reached skill level 5 in Shields
  5107 | D:5      | Reached * piety under Trog
  5108 | D:5      | Reached XP level 8. HP: 55/68 MP: 7/7
  5409 | D:5      | Reached skill level 7 in Long Blades
  6436 | D:5      | Reached skill level 8 in Long Blades
  7049 | D:6      | Noticed Sigmund
  7068 | D:6      | Killed Sigmund
  7069 | D:6      | Reached skill level 1 in Stealth
  7069 | D:6      | Reached XP level 9. HP: 48/75 MP: 8/8
  7201 | D:6      | Noticed Eustachio
  7235 | D:6      | Killed Eustachio
  7348 | D:6      | You fall into a shaft and drop 1 floor!
  7406 | D:7      | Reached skill level 9 in Long Blades
  7448 | D:7      | HP: 1/78 [gnoll/+0 spear[a gnoll bouda] (5)]
  7458 | D:7      | Slain by an ice beast

Illustrated notes

Levels and vault maps discovered:
D:1:      minmay_arrival_three_doors, layout_basic,
          dreamdust_ecumenical_altar_statues
D:2:      layout_basic, st_stairs_4, minmay_tromino_v2
D:3:      layout_basic, grunt_ministairs_13, chequers_serial_rivers_micro_b,
          hangedman_decor_diamond_cutter, uniq_ijyb, uniq_terence
D:4:      layout_loops_ring, mainiacjoe_overflow_24_doors,
          overflow_temple_1_default, portal_sewer_entry_f
D:5:      minmay_chambers_of_fours, layout_basic
D:6:      layout_basic, ebering_ghost_sewer_f, uniq_sigmund, uniq_eustachio
D:7:      layout_basic, minmay_temple_entry_mini_moons,
          nicolae_figureground_pulse

Skill      XL: |  1  2  3  4  5  6  7  8  9 |
---------------+----------------------------+-----
Armour         | 4 5 6 7 |  7.6
Long Blades    | 3 4 5 6 8 9 |  9.2
Shields        | 4 5 6 |  6.4
Dodging        | 1 2 3 |  3.9
Fighting       | 4 5 6 |  6.6
Ranged Weapons | 2 3 |  3.3
Stealth        | 1 |  1.0
Evocations     | |  0.8

Action                   |  1- 3 |  4- 6 |  7- 9 || total
-------------------------+-------+-------+-------++-------
Melee: Long sword        |    89 |   153 |   274 ||   516
       Headbutt          |    13 |    15 |    41 ||    69
 Fire: Sling             |       |       |    33 ||    33
Invok: Berserk           |       |       |     5 ||     5
Evoke: Wand              |     5 |     3 |       ||     8
  Use: Scroll            |     4 |     1 |    11 ||    16
       Potion            |       |       |     4 ||     4
 Stab: Invisible         |       |       |     1 ||     1
Armor: Scale mail        |    28 |    62 |    89 ||   179
       Skin              |       |       |     5 ||     5
Dodge: Dodged            |    45 |    79 |   126 ||   250
Block: Buckler           |    29 |    71 |   117 ||   217
